 Dungeon Crawl Stone Soup version 0.31-a0-1071-gaead2f62b1 (webtiles) character file.

Game seed: 17151453005266818821

267050 wildpjah the Impaler (level 18, -17/259 HPs)
             Began as a Minotaur Fighter on Nov 25, 2023.
             Was the Champion of Jiyva.
             Killed from afar by a deep elf zephyrmancer (28 damage)
             ... with a bolt of lightning
             ... on level 2 of the Elven Halls.
             The game lasted 01:29:36 (29707 turns).

wildpjah the Impaler (Minotaur Fighter)            Turns: 29707, Time: 01:29:37

Health: -17/259    AC: 18    Str: 38    XL:     18   Next: 89%
Magic:  17/17      EV: 15    Int: 11    God:    Jiyva [******]
Gold:   1579       SH: 20    Dex: 15    Spells: 13/17 levels left

rFire   + . .        S - +10 war axe of Grandeur {flame, Will++ Int+2}
rCold   . . .        q - +1 tower shield {AC+3}
rNeg    + . .        b - +0 plate armour
rPois   +            (helmet unavailable)
rElec   .            L - +1 cloak of Starlight {*Dazzle EV+4 Stlth--}
rCorr   +            (no gloves)
SInv    +            (boots unavailable)
Will    +++++        K - amulet of the Bull {Drain rN+ Will++ Regen+ SInv} Stlth
                     U - ring "Pegiycw" {rPois Will+ Str+6 Dex+4}
HPRegen 3.83/turn    M - +6 ring of strength
MPRegen 0.65/turn

%: clarity
@: berserking, very quick
A: horns 3, retaliatory headbutt, hooves 3, clarity, clever 1, fire resistance
1, strong-willed 1, regeneration 1, pseudopods 1, jelly absorbing missiles
}: 3/15 runes: decaying, serpentine, slimy
a: Renounce Religion, Oozemancy, Slimify


You were on level 2 of the Elven Halls.
You worshipped Jiyva.
Jiyva was exalted by your worship.
You visited 8 branches of the dungeon, and saw 38 of its levels.
You also visited: Sewer, Ossuary, Bailey and Gauntlet.

You collected 2487 gold pieces.
You spent 908 gold pieces at shops.

Inventory:

Hand Weapons
 p - a +6 war axe of electrocution
 P - a +4 demon trident of pain
 S - the +10 war axe of Grandeur (weapon) {flame, Will++ Int+2}
   (You found it on level 5 of the Pits of Slime)

   Int+2:     It affects your intelligence (+2).
   Will++:    It greatly increases your willpower.
Missiles
 Q - 4 javelins (quivered)
Armour
 a - the +0 chain mail "Fuozxulu" {rF+ rCorr}
   (You found it on level 1 of the Swamp)

   rF+:       It protects you from fire.
   rCorr:     It protects you from acid and corrosion.
 b - a +0 plate armour (worn)
 k - a +0 kite shield
 q - a +1 tower shield of protection (worn)
 v - a +0 pair of boots
 L - the +1 cloak of Starlight (worn) {*Dazzle EV+4 Stlth--}
   (You found it on level 9 of the Dungeon)

   *Dazzle:   It may blind those who miss an attack against the wearer in melee
   combat.
   EV+4:      It affects your evasion (+4).
   Stlth--:   It makes you much less stealthy.
Magical Staves
 X - the staff of Disarray {rElec rC+ rN+ Int+2 Dex+4 Necro}
   (You found it on level 5 of the Pits of Slime)

   [staff of death]

   Base accuracy: +5 Base damage: 5 Base attack delay: 1.2 This weapon's minimum
   attack delay (0.6) is reached at skill level 12.
   Int+2:     It affects your intelligence (+2).
   Dex+4:     It affects your dexterity (+4).
   rC+:       It protects you from cold.
   rElec:     It insulates you from electricity.
   rN+:       It protects you from negative energy.
   Necro:     It increases the power of your Necromancy spells.
   It falls into the 'Staves' category.
   It is a one-handed weapon.
Jewellery
 c - the ring "Biuhor" {Fly rF+ rN+}
   (You found it on level 5 of the Pits of Slime)

   [ring of positive energy]

   rF+:       It protects you from fire.
   rN+:       It protects you from negative energy.
   Fly:       It grants you flight.
 E - a +6 ring of dexterity
 G - a +5 ring of evasion
 H - the amulet "Qiengaim" {Reflect rPois rN+++ Will- rCorr SH+5}
   (You found it on level 7 of the Dungeon)

   [amulet of reflection]

   Reflect:   It reflects blocked missile attacks.
   rPois:     It protects you from poison rN+++: It renders you almost immune to
   negative energy.
   Will-:     It decreases your willpower.
   rCorr:     It protects you from acid and corrosion.
   SH+5:      It affects your SH (+5).
 K - the amulet of the Bull (around neck) {Drain rN+ Will++ Regen+ SInv}
   (You found it on level 8 of the Dungeon)

   [amulet of regeneration]

   rN+:       It protects you from negative energy.
   Will++:    It greatly increases your willpower.
   SInv:      It lets you see invisible.
   Regen+:    It increases your rate of health regeneration.
   Drain:     It drains your maximum health when unequipped.
 M - a +6 ring of strength (right hand)
 U - the ring "Pegiycw" (left hand) {rPois Will+ Str+6 Dex+4}
   (You found it in a Gauntlet)

   [ring of strength]

   Str+6:     It affects your strength (+6).
   Dex+4:     It affects your dexterity (+4).
   rPois:     It protects you from poison Will+: It increases your willpower.
Wands
 d - a wand of roots (13)
 g - a wand of mindburst (37)
 l - a wand of polymorph (30)
 C - a wand of flame (39)
 N - a wand of paralysis (18)
 O - a wand of quicksilver (6)
Scrolls
 e - 5 scrolls of enchant armour
 h - a scroll of immolation
 i - 5 scrolls of blinking
 j - a scroll of torment
 m - 9 scrolls of teleportation
 s - 2 scrolls of vulnerability
 t - 3 scrolls of brand weapon
 y - 5 scrolls of poison
 z - 5 scrolls of identify
 B - 9 scrolls of fog
 F - 3 scrolls of fear
 I - a scroll of silence
 R - a scroll of revelation
Potions
 f - 4 potions of cancellation
 n - a potion of resistance
 o - a potion of invisibility
 r - 4 potions of ambrosia
 u - 4 potions of mutation
 w - 2 potions of enlightenment
 x - 4 potions of curing
 A - 4 potions of magic
 D - a potion of berserk rage
 J - a potion of might
 T - 6 potions of brilliance
 V - 2 potions of haste
 W - 3 potions of heal wounds
 Z - 2 potions of lignification
Miscellaneous
 Y - a tin of tremorstones (2/2)


   Skills:
 + Level 18.5 Fighting
 + Level 15.0(19.2) Axes
 + Level 19.5(21.3) Polearms
 + Level 9.3 Throwing
 + Level 16.6 Armour
 + Level 5.3 Dodging
 + Level 6.6 Stealth
 + Level 15.6 Shields
 * Level 10.1 Necromancy
 + Level 0.9 Evocations


You had 13 spell levels left.
You knew the following spells:

 Your Spells              Type           Power      Damage    Failure   Level
a - Animate Dead          Necr           22%        N/A       34%         4

Your spell library contained the following spells:

 Spells                   Type           Power      Damage    Failure   Level
 Apportation              Tloc           0%         N/A       92%         1
 Magic Dart               Conj           0%         1d3       92%         1
 Summon Small Mammal      Summ           0%         N/A       92%         1
 Jinxbite                 Hex            0%         N/A       98%         2
 Searing Ray              Conj           0%         2d4       98%         2
 Death Channel            Necr           11%        N/A       99%         6
 Call Canine Familiar     Summ           0%         N/A       100%        3
 Sigil of Binding         Hex            0%         N/A       100%        3
 Summon Guardian Golem    Hex/Summ       0%         N/A       100%        3
 Tukima's Dance           Hex            0%         N/A       100%        3
 Animate Armour           Summ/Erth      0%         N/A       100%        4
 Dimensional Bullseye     Hex/Tloc       0%         N/A       100%        4
 Fulminant Prism          Conj/Hex       0%         3d5       100%        4
 Iskenderun's Mystic Bla  Conj/Tloc      0%         2d3       100%        4
 Leda's Liquefaction      Hex/Erth       0%         N/A       100%        4
 Summon Ice Beast         Ice/Summ       0%         N/A       100%        4
 Summon Lightning Spire   Summ/Air       0%         N/A       100%        4
 Vhi's Electric Charge    Tloc/Air       0%         N/A       100%        4
 Alistair's Intoxication  Tmut/Pois      0%         N/A       100%        5
 Arcjolt                  Conj/Air       0%         1d10      100%        5
 Borgnjor's Vile Clutch   Necr/Erth      5%         N/A       100%        5
 Freezing Cloud           Conj/Ice/Air   0%         6-21      100%        5
 Lee's Rapid Deconstruct  Erth           0%         3d4*      100%        5
 Summon Mana Viper        Hex/Summ       0%         N/A       100%        5
 Monstrous Menagerie      Summ           0%         N/A       100%        7
 Orb of Destruction       Conj           0%         9d5       100%        7
 Spellforged Servitor     Conj/Summ      0%         N/A       100%        7
 Maxwell's Capacitive Co  Air            0%         ∞         100%        8
 Chain Lightning          Conj/Air       0%         N/A       100%        9
 Fire Storm               Conj/Fire      0%         5d1       100%        9


Dungeon Overview and Level Annotations

Branches:
Dungeon (15/15)            Temple (1/1) D:6            Lair (5/5) D:9
  Swamp (4/4) Lair:2        Snake (4/4) Lair:3        Slime (5/5) Lair:5
    Orc (2/2) D:12            Elf (2/3) Orc:2        Vaults (0/5) D:14
  Sewer (visited)         Ossuary (visited)          Bailey (visited)
Gauntlet (visited)
 Depths: D:15

Altars:
Ashenzari
Cheibriados
Dithmenos
Elyvilon
Fedhas
Gozag
Hepliaklqana
Kikubaaqudgha
Makhleb
Nemelex Xobeh
Okawaru
Qazlal
Ru
Sif Muna
Trog
Uskayaw
Vehumet
Wu Jian
Xom
Yredelemnul
Zin
The Shining One
Jiyva

Shops:
D:4 !   D:11 **   Orc:2 (*(?*   Snake:3 =:=   Snake:4 :

Annotations:
D:3 2 transporters, Tollund's ghost, amateur MiHu
D:5 3 runed translucent doors, pigah's ghost, novice OpSh; sammy202020's ghost, novice MiFi; wildpjah's ghost, novice TeGl; wireframewife's ghost, novice GnWr
D:8 exclusion: orange crystal statue
D:9 1 runed translucent door, Frenzy's ghost, novice MiFi
D:13 3 runed translucent doors, Dodiz's ghost, journeyman BaFi; Fack's ghost, journeyman GnFi; jejorda2's ghost, journeyman GnBe; sammy202020's ghost, journeyman MiFi
Slime:2 Dissolution
Slime:5 Royal Jelly


Innate Abilities, Weirdness & Mutations

You have a pair of large horns on your head.
You reflexively headbutt those who attack you in melee.
You have hooves in place of feet.
You possess an exceptional clarity of mind.
Your mind is acute. (Int +4, Str/Dex -1)
Your flesh is heat resistant. (rF+)
You are strong-willed. (Will+)
Your natural rate of healing is unusually fast.
Armour fits poorly on your pseudopods.
You have a small jelly attached to you that may absorb projectiles.


Message History

Unknown command.
Unknown command.
Unknown command.
Reach: P) +4 demon trident (pain)
Press: ? - help, Dir - move target, f/p - +1 bardiche of electrocution
Aim: a +1 bardiche of electrocution (about 36% to evade your +4 demon trident of pain)
You reach to attack!
You puncture the +1 bardiche of electrocution!
The +1 bardiche of electrocution is heavily damaged.
The +3 war axe of electrocution hits you!
* * * LOW HITPOINT WARNING * * *
You are electrocuted!
* * * LOW HITPOINT WARNING * * *
The deep elf knight closely misses you. You furiously retaliate!
You headbutt the deep elf knight!!
Unknown command.
You are too berserk!
You are too berserk!
You feel clever.
The +10 war axe of Grandeur {flame, Will++ Int+2} bursts into flame!
S - the +10 war axe of Grandeur (weapon)
{flame, Will++ Int+2} The +1 heavy long sword barely misses you.
You furiously retaliate!
You headbutt the +1 heavy long sword.
The deep elf pyromancer mumbles some strange words.
You block the +1 bardiche of electrocution's attack.
You slash the +3 war axe of electrocution!
The +3 war axe of electrocution falls from the air.
You slash the deep elf pyromancer! You burn the deep elf pyromancer.
You kill the deep elf pyromancer!
The fire elemental disappears in a puff of smoke!
You slash the deep elf knight! You burn the deep elf knight.
You barely miss the +1 heavy long sword.
The deep elf knight gestures at you while chanting.
You block the lance of force.
The +1 heavy long sword closely misses you.
The deep elf knight hits you with a +0 long sword!
* * * LOW HITPOINT WARNING * * *
The deep elf zephyrmancer points at you and mumbles some strange words.
The bolt of lightning hits you!!
You die...

### ###### ###### ##
.... ##....###....####.
#....##....#...#....##..
.#.....e..#.....#.......
..#.e..@.#.......#......
...#..((#)........#....#
....#..#...........#..#.
.....##...§.........##..
.....##.............##..
....#..#...........#..#.
... ....#.........#....#
..#......#.......#......
.......#.....#.......


You could see a deep elf knight (fast, invisible), a deep elf zephyrmancer and 2
dancing weapons.

Vanquished Creatures
  the Lernaean hydra (Swamp:4)
  Vashnia (Snake:4)
  Kirke (Swamp:1)
  A fenstrider witch (Swamp:3)
  7 nagarajas (Snake:4)
  A deep elf sorcerer (Elf:1)
  An orc warlord (Bailey)
  Louise (Swamp:2)
  3 eleionomae
  6 bunyips
  A dire elephant (Lair:5)
  A shambling mangrove (Swamp:4)
  A yaktaur captain (D:14)
  A fire dragon (Lair:5)
  Erolcha (Orc:2)
  Fannar (D:10)
  2 rakshasas
  3 boulder beetles
  7 alligators
  17 hydras
  A salamander tyrant (Snake:3)
  5 centaur warriors
  3 catoblepae
  7 anacondas
  25 dancing weapons (Elf:2)
  5 death yaks
  A tengu warrior (D:15)
  8 naga warriors
  20 naga sharpshooters
  2 thrashing horrors (Gauntlet)
  4 orc high priests (Orc:2)
  12 shock serpents
  Urug (D:10)
  13 deep elf knights
  15 spriggans
  2 skysharks
  7 salamander mystics
  6 goliath frogs (Swamp:2)
  6 spriggan druids
  7 bog bodies
  An arcanist (D:14)
  13 swamp dragons
  2 naga ritualists
  2 orc knights (D:15)
  13 deep elf archers
  34 deep elf pyromancers
  20 deep elf zephyrmancers
  A lindwurm (Lair:5)
  7 mana vipers
  8 ugly things
  5 cyclopes
  3 orc sorcerers
  4 will-o-the-wisps
  Maurice (D:10)
  5 elephants
  11 salamanders
  A worldbinder (Gauntlet)
  4 manticores
  38 black mambas
  8 guardian serpents (Snake:4)
  17 naga magi
  A torpor snail (shapeshifter) (D:11)
  A torpor snail (Lair:5)
  4 gargoyles
  2 rime drakes (Lair:5)
  11 cane toads
  3 kobold demonologists
  An unseen horror (D:13)
  2 yaktaurs (D:14)
  An efreet (D:15)
  13 komodo dragons
  5 tengu conjurers
  A meliai (shapeshifter) (Elf:1)
  3 trolls
  3 polar bears
  11 tyrant leeches
  3 dream sheep (Lair:5)
  13 hornets
  39 blink frogs
  A centaur simulacrum (D:14)
  3 air elementals
  A shadow (D:10)
  Sigmund (D:5)
  A vampire (D:10)
  8 wraiths
  A culicivora (shapeshifter) (Elf:2)
  A wyvern (shapeshifter) (D:11)
  4 fire bats (D:11)
  7 wyverns
  53 yaks
  7 basilisks
  2 fire elementals (Elf:2)
  3 hogs (Swamp:1)
  4 vampire mosquitoes
  5 steam dragons
  41 nagas
  5 acid dragons
  5 wargs
  16 swamp worms
  16 water moccasins
  5 ice beasts
  25 orc warriors
  12 swamp drakes
  3 black bears
  6 boggarts
  14 wolves
  7 ogres
  8 centaurs
  5 kobold brigands
  7 bullfrogs
  2 earth elementals
  3 small abominations (Gauntlet)
  A scorpion (Ossuary)
  7 wights
  11 killer bees
  9 howler monkeys
  An electric eel (D:8)
  2 centaur zombies (Ossuary)
  A lava snake (D:8)
  5 jellies
  Crazy Yiuf (D:7)
  36 orc priests
  A bullfrog zombie (Ossuary)
  4 sleepcaps
  2 gnoll boudas
  2 hounds
  33 orc wizards
  Natasha (twice) (D:3)
  8 iguanas
  2 scorpion zombies (Ossuary)
  An ogre zombie (Ossuary)
  Robin (D:2)
  11 gnolls
  6 river rats
  11 adders
  2 shadow imps
  2 adder zombies (Ossuary)
  6 worms
  4 dart slugs
  48 orcs
  14 ball pythons
  9 bats
  10 endoplasms
  6 giant cockroaches
  2 gnoll zombies (Ossuary)
  20 goblins
  11 hobgoblins
  3 jackals (D:2)
  6 quokkas
  12 frilled lizards
  5 goblin zombies (Ossuary)
  4 hobgoblin zombies (Ossuary)
  34 kobolds
  5 orc zombies (Ossuary)
  13 rats
  A butterfly (Lair:3)
1180 creatures vanquished.

Vanquished Creatures (collateral kills)
  A two-headed ogre (D:12)
  An ugly thing (D:14)
  A cyclops (D:12)
  A shadow (D:12)
  A boggart (D:14)
  An orc (D:12)
6 creatures vanquished.

Vanquished Creatures (others)
  A deep elf knight (Elf:2)
  A death drake (shapeshifter) (D:11)
  A deep elf archer (D:11)
  2 deep elf zephyrmancers (Elf:2)
  A deep elf pyromancer (D:12)
  A blink frog (shapeshifter) (D:11)
  A slime creature (D:8)
  A spriggan (Swamp:3)
  A water elemental (Elf:1)
  A fire bat (D:11)
  A naga (Snake:3)
  2 ice beasts
  A swamp drake (Swamp:4)
  A sky beast (D:11)
  An orc warrior (D:7)
  A black bear (D:7)
  3 bullfrogs
  2 wights (D:7)
  A killer bee (D:8)
  132 jellies
  An electric eel (D:8)
  A hound (D:7)
  A lava snake (D:8)
  2 orc priests
  4 orc wizards
  An adder (D:6)
  A white imp (D:7)
  4 ufetubi
  7 orcs
  3 kobolds
  A butterfly (Swamp:1)
  16 foxfires
198 creatures vanquished.

Grand Total: 1384 creatures vanquished

Notes
Turn   | Place    | Note
-------+----------+-------------------------------------------
     0 | D:1      | wildpjah the Minotaur Fighter began the quest for the Orb.
     0 | D:1      | Reached XP level 1. HP: 19/19 MP: 0/0
    59 | D:1      | Reached XP level 2. HP: 27/27 MP: 1/1
   160 | D:1      | Found a faded altar of an unknown god.
   321 | D:1      | Reached XP level 3. HP: 27/33 MP: 2/2
   621 | D:1      | Found a shadowy altar of Dithmenos.
   871 | D:2      | Reached XP level 4. HP: 19/40 MP: 3/3
  1279 | D:2      | Found a stormy altar of Qazlal.
  1407 | D:2      | Noticed Robin
  1417 | D:2      | Killed Robin
  1582 | D:2      | Identified the +5 trident of Pidalurr {flame, rF+ Dex+2}
  1700 | D:2      | Reached XP level 5. HP: 47/47 MP: 4/4
  2050 | D:3      | Noticed Tollund's ghost (amateur MiHu)
  2059 | D:3      | Found a transporter.
  2087 | D:3      | Found a blossoming altar of Fedhas.
  2312 | D:3      | Found a transporter.
  2375 | D:3      | Noticed Natasha
  2382 | D:3      | Killed Natasha
  2383 | D:3      | Reached skill level 1 in Polearms
  2383 | D:3      | Reached skill level 5 in Armour
  2722 | D:3      | Noticed Natasha
  2728 | D:3      | Killed Natasha
  2849 | D:4      | Found a basalt altar of Yredelemnul.
  2850 | D:4      | Found a broken altar of Ashenzari.
  3010 | D:4      | Found an ancient bone altar of Kikubaaqudgha.
  3027 | D:4      | Reached skill level 2 in Polearms
  3065 | D:4      | Found Jiuraum's Distillery.
  3068 | D:4      | Bought a potion of curing for 39 gold pieces
  3098 | D:4      | Reached XP level 6. HP: 53/53 MP: 5/5
  3667 | D:5      | Entered Level 5 of the Dungeon
  3712 | D:5      | Found a sand-covered staircase.
  3720 | D:5      | Reached skill level 3 in Polearms
  3723 | Ossuary  | Entered an ossuary
  3804 | Ossuary  | Reached skill level 4 in Polearms
  3828 | Ossuary  | Reached XP level 7. HP: 60/60 MP: 6/6
  3844 | Ossuary  | Reached skill level 5 in Polearms
  3854 | Ossuary  | Noticed a wraith
  3859 | Ossuary  | Killed a wraith
  3860 | Ossuary  | Reached skill level 5 in Fighting
  3861 | Ossuary  | Noticed a silent spectre
  4019 | D:5      | Noticed Sigmund
  4027 | D:5      | Killed Sigmund
  4028 | D:5      | Reached skill level 6 in Polearms
  4082 | D:5      | Found a runed translucent gate.
  4082 | D:5      | Found a runed translucent gate.
  4082 | D:5      | Found a runed translucent gate.
  4084 | D:5      | Noticed sammy202020's ghost (novice MiFi)
  4084 | D:5      | Noticed wildpjah's ghost (novice TeGl)
  4085 | D:5      | Noticed pigah's ghost (novice OpSh)
  4085 | D:5      | Noticed wireframewife's ghost (novice GnWr)
  4221 | D:5      | Reached skill level 7 in Polearms
  4221 | D:5      | Reached XP level 8. HP: 10/68 MP: 7/7
  4732 | D:6      | Reached skill level 1 in Stealth
  4854 | D:6      | Reached skill level 5 in Shields
  4876 | D:6      | Reached skill level 8 in Polearms
  4910 | D:6      | Found a glowing drain.
  4930 | Sewer    | Entered a sewer
  5237 | Sewer    | Found a viscous altar of Jiyva.
  5303 | Sewer    | Became a worshipper of Jiyva Jiak the Shapeless
  5468 | D:6      | Reached skill level 9 in Polearms
  5578 | D:6      | Found a staircase to the Ecumenical Temple.
  5587 | Temple   | Entered the Ecumenical Temple
  5680 | D:7      | Reached * piety under Jiyva
  5858 | D:7      | Found a flagged portal.
  5868 | Bailey   | Entered a bailey
  5873 | Bailey   | Noticed an orc warlord
  5943 | Bailey   | Reached XP level 9. HP: 50/75 MP: 8/8
  5983 | Bailey   | Found a runed translucent gate.
  5986 | Bailey   | Found a runed translucent gate.
  5987 | Bailey   | Found a runed translucent gate.
  6024 | Bailey   | Reached skill level 10 in Polearms
  6024 | Bailey   | Reached skill level 1 in Dodging
  6154 | Bailey   | HP: 1/75 [orc warlord/+6 broad axe (17)]
  6158 | Bailey   | Killed an orc warlord
  6306 | D:7      | Reached skill level 11 in Polearms
  6437 | D:7      | Reached ** piety under Jiyva
  6546 | D:7      | Identified the amulet "Qiengaim" {Reflect rPois rN+++ Will-
                  | rCorr SH+5}
  6622 | D:7      | Found a runed translucent door.
  6623 | D:7      | Noticed Crazy Yiuf
  6629 | D:7      | Killed Crazy Yiuf
  6803 | D:8      | Reached XP level 10. HP: 85/86 MP: 9/9
  6816 | D:8      | Noticed a rakshasa
  6833 | D:8      | Killed a rakshasa
  6834 | D:8      | Reached skill level 12 in Polearms
  6836 | D:8      | Noticed a boulder beetle
  6889 | D:8      | Killed a boulder beetle
  7287 | D:8      | Noticed a centaur warrior
  7292 | D:8      | Noticed a manticore
  7295 | D:8      | Killed a centaur warrior
  7298 | D:8      | Gained mutation: Your body sometimes deteriorates upon
                  | taking damage. [potion of mutation]
  7298 | D:8      | Gained mutation: You are occasionally teleported next to
                  | monsters. [potion of mutation]
  7298 | D:8      | Gained mutation: You are somewhat resistant to further
                  | mutation. [potion of mutation]
  7298 | D:8      | Gained mutation: Your movements are slightly less
                  | encumbered by armour. (ER -2) [potion of mutation]
  7302 | D:8      | Killed a manticore
  7302 | D:8      | Identified the amulet of the Bull {Drain rN+ Will++ Regen+
                  | SInv}
  7303 | D:8      | Reached skill level 13 in Polearms
  7305 | D:8      | Noticed a gargoyle
  7459 | D:8      | Found a snail-covered altar of Cheibriados.
  7527 | D:8      | Noticed an orange crystal statue
  7553 | D:8      | Killed a gargoyle
  7663 | D:8      | Paralysed by a hornet for 3 turns
  7701 | D:8      | Reached skill level 10 in Armour
  7701 | D:8      | Reached XP level 11. HP: 16/95 MP: 10/10
  8264 | D:8      | Reached *** piety under Jiyva
  8450 | D:9      | Found the +1 cloak of Starlight {*Dazzle EV+4 Stlth--}
  8492 | D:9      | Found a staircase to the Lair.
  8640 | D:9      | Noticed Frenzy's ghost (novice MiFi)
  8687 | D:9      | Reached skill level 14 in Polearms
  8718 | D:9      | Lost mutation: Your body sometimes deteriorates upon taking
                  | damage. [Jiyva's grace]
  8718 | D:9      | Gained mutation: Your flesh is cold resistant. (rC+)
                  | [Jiyva's grace]
  8718 | D:9      | Gained mutation: Your flesh is very cold resistant. (rC++)
                  | [Jiyva's grace]
  8718 | D:9      | Gained mutation: Your flesh is almost immune to the effects
                  | of cold. (rC+++) [Jiyva's grace]
  8718 | D:9      | Gained mutation: You have a small jelly attached to you
                  | that may absorb projectiles. [Jiyva's grace]
  8752 | D:9      | Found a runed translucent door.
  8925 | D:10     | Entered Level 10 of the Dungeon
  8966 | D:10     | Noticed Fannar
  8986 | D:10     | Killed Fannar
  9067 | D:10     | Reached **** piety under Jiyva
  9068 | D:10     | Noticed Maurice
  9102 | D:10     | Noticed a soul eater
  9196 | D:10     | Noticed Urug
  9201 | D:10     | Killed Urug
  9202 | D:10     | Reached skill level 10 in Fighting
  9214 | D:10     | Identified a scroll of acquirement
  9220 | D:10     | Acquired a manual of Axes
  9224 | D:10     | Found a glowing silver altar of Zin.
  9229 | D:10     | Found a burning altar of Makhleb.
  9292 | D:10     | Found a stormy altar of Qazlal.
  9458 | D:10     | Killed Maurice
  9781 | D:11     | Reached ***** piety under Jiyva
  9782 | D:11     | Found a gate leading to a gauntlet.
  9791 | Gauntlet | Entered a Gauntlet
  9791 | Gauntlet | Found a transporter.
  9791 | Gauntlet | Found a transporter.
  9792 | Gauntlet | Found a transporter.
  9793 | Gauntlet | Found a transporter.
  9793 | Gauntlet | Found a transporter.
  9799 | Gauntlet | Found a transporter.
  9801 | Gauntlet | Noticed a catoblepas
  9802 | Gauntlet | Noticed a catoblepas
  9803 | Gauntlet | Found a transporter.
  9804 | Gauntlet | Found a transporter.
  9823 | Gauntlet | Reached skill level 1 in Necromancy
  9825 | Gauntlet | Noticed a wolf spider
  9839 | Gauntlet | Reached XP level 12. HP: 96/107 MP: 11/11
  9846 | Gauntlet | Identified the +6 spear of the Asp {heavy, rF+}
  9858 | Gauntlet | Found a transporter.
  9878 | Gauntlet | Noticed a dire elephant
  9883 | Gauntlet | Killed a catoblepas
  9889 | Gauntlet | Identified the ring "Pegiycw" {rPois Will+ Str+6 Dex+4}
  9901 | Gauntlet | Found a transporter.
  9943 | Gauntlet | Identified the +6 scimitar of Courage {pain, rF+ Int+3}
  9943 | Gauntlet | Noticed a minotaur
  9945 | Gauntlet | Slimified a minotaur
  9945 | Gauntlet | a minotaur changed into an azure jelly
  9945 | Gauntlet | Noticed an azure jelly
  9996 | D:11     | Lost mutation: Your movements are slightly less encumbered
                  | by armour. (ER -2) [Jiyva's grace]
  9996 | D:11     | Gained mutation: Your flesh is heat resistant. (rF+)
                  | [Jiyva's grace]
  9996 | D:11     | Gained mutation: Your flesh is very heat resistant. (rF++)
                  | [Jiyva's grace]
  9996 | D:11     | Gained mutation: Your flesh is almost immune to the effects
                  | of heat. (rF+++) [Jiyva's grace]
  9996 | D:11     | Gained mutation: Armour fits poorly on your pseudopods.
                  | [Jiyva's grace]
 10105 | D:11     | Found Tuomnamp's Specific Store.
 10107 | D:11     | Found Suofawn's General Store.
 10202 | D:11     | Noticed a centaur warrior
 10210 | D:11     | Killed a centaur warrior
 10472 | D:11     | Reached skill level 15 in Polearms
 10736 | D:11     | Bought a potion of heal wounds for 55 gold pieces
 10750 | D:12     | Found a broken altar of Ashenzari.
 10858 | D:12     | Found a staircase to the Orcish Mines.
 11034 | D:12     | Noticed a two-headed ogre
 11042 | D:12     | Killed a two-headed ogre
 11316 | D:13     | Noticed a centaur warrior
 11328 | D:13     | Killed a centaur warrior
 11329 | D:13     | Reached XP level 13. HP: 116/118 MP: 12/12
 11337 | D:13     | Found a runed translucent gate.
 11337 | D:13     | Found a runed translucent gate.
 11338 | D:13     | Found a runed translucent gate.
 11796 | D:13     | Lost mutation: Your flesh is almost immune to the effects
                  | of cold. (rC+++) [Jiyva's grace]
 11796 | D:13     | Lost mutation: You are occasionally teleported next to
                  | monsters. [Jiyva's grace]
 11796 | D:13     | Gained mutation: Your rubbery body absorbs attacks. (AC +1,
                  | EV +1) [Jiyva's grace]
 11796 | D:13     | Gained mutation: Your pliable body absorbs attacks. (AC +2,
                  | EV +2) [Jiyva's grace]
 11796 | D:13     | Gained mutation: Your gelatinous body deflects attacks. (AC
                  | +3, EV +3) [Jiyva's grace]
 11796 | D:13     | Lost mutation: You are somewhat resistant to further
                  | mutation. [Jiyva's grace]
 11796 | D:13     | Gained mutation: You have hidden genetic potential.
                  | [Jiyva's grace]
 12001 | D:13     | Noticed sammy202020's ghost (journeyman MiFi)
 12001 | D:13     | Noticed Fack's ghost (journeyman GnFi)
 12001 | D:13     | Noticed jejorda2's ghost (journeyman GnBe)
 12001 | D:13     | Noticed Dodiz's ghost (journeyman BaFi)
 12333 | D:14     | Reached ****** piety under Jiyva
 12388 | D:14     | Found a gate to the Vaults.
 12420 | D:14     | Reached skill level 16 in Polearms
 12541 | D:14     | Reached skill level 10 in Shields
 12582 | D:14     | You fall into a shaft and drop 1 floor!
 12582 | D:15     | Entered Level 15 of the Dungeon
 12775 | D:15     | Reached skill level 1 in Throwing
 12877 | D:15     | Lost mutation: Your gelatinous body deflects attacks. (AC
                  | +3, EV +3) [Jiyva's grace]
 12877 | D:15     | Lost mutation: Armour fits poorly on your pseudopods.
                  | [Jiyva's grace]
 12877 | D:15     | Gained mutation: You have acidic saliva. [Jiyva's grace]
 12877 | D:15     | Gained mutation: You are covered in slimy tendrils that may
                  | disarm your opponents. [Jiyva's grace]
 12877 | D:15     | Gained mutation: Your gelatinous body deflects attacks. (AC
                  | +3, EV +3) [Jiyva's grace]
 12877 | D:15     | Gained mutation: You are agile. (Dex +4, Str/Int -1)
                  | [Jiyva's grace]
 13118 | D:15     | Reached skill level 5 in Necromancy
 13589 | Lair:1   | Entered Level 1 of the Lair of Beasts
 13832 | Lair:1   | Reached XP level 14. HP: 129/129 MP: 13/13
 14549 | Lair:2   | Reached skill level 5 in Axes
 14552 | Lair:2   | Gained mutation: Your mind is acute. (Int +4, Str/Dex -1)
                  | [hidden potential]
 14908 | Lair:2   | Found a staircase to the Swamp.
 15074 | Lair:2   | Identified the +5 quarterstaff of Ru's Indignation {freeze,
                  | rPois rC+++ Int-2 Stlth+}
 15379 | Lair:3   | Reached skill level 5 in Stealth
 15402 | Lair:3   | Found a staircase to the Snake Pit.
 15428 | Lair:3   | Gained mutation: You have great hidden genetic potential.
                  | [Jiyva's grace]
 15428 | Lair:3   | Gained mutation: Your spells are a little harder to cast,
                  | but a little more powerful. [Jiyva's grace]
 15428 | Lair:3   | Gained mutation: Your spells are harder to cast, but more
                  | powerful. [Jiyva's grace]
 15428 | Lair:3   | Gained mutation: Your spells are much harder to cast, but
                  | much more powerful. [Jiyva's grace]
 16159 | Lair:4   | Reached skill level 17 in Polearms
 16810 | Lair:5   | Entered Level 5 of the Lair of Beasts
 16850 | Lair:5   | Reached skill level 5 in Throwing
 16926 | Lair:5   | Lost mutation: You are agile. (Dex +4, Str/Int -1) [Jiyva's
                  | grace]
 16926 | Lair:5   | Lost mutation: Your gelatinous body deflects attacks. (AC
                  | +3, EV +3) [Jiyva's grace]
 16926 | Lair:5   | Gained mutation: You have a pair of large horns on your
                  | head. [Jiyva's grace]
 16926 | Lair:5   | Gained mutation: Your mind is very acute. (Int +8, Str/Dex
                  | -2) [Jiyva's grace]
 16926 | Lair:5   | Gained mutation: You are agile. (Dex +4, Str/Int -1)
                  | [Jiyva's grace]
 16926 | Lair:5   | Gained mutation: You are very agile. (Dex +8, Str/Int -2)
                  | [Jiyva's grace]
 17050 | Lair:5   | Found a viscous altar of Jiyva.
 17051 | Lair:5   | Found a staircase to the Slime Pits.
 17235 | Lair:5   | Reached skill level 5 in Dodging
 17368 | Lair:5   | Reached XP level 15. HP: 136/139 MP: 14/14
 17429 | Lair:5   | Found the +13 scythe of Curses {drain, curses, Drain}
 17518 | Lair:5   | Gained mutation: You have sharp toenails. [hidden
                  | potential]
 17518 | Lair:5   | Lost mutation: You have great hidden genetic potential.
                  | [hidden potential expressed]
 17598 | Lair:5   | Reached skill level 15 in Fighting
 18110 | Orc:1    | Entered Level 1 of the Orcish Mines
 18292 | Orc:2    | Entered Level 2 of the Orcish Mines
 18387 | Orc:2    | Found a staircase to the Elven Halls.
 18454 | Orc:2    | Noticed Erolcha
 18465 | Orc:2    | Killed Erolcha
 18487 | Orc:2    | Found Gigaff's CLEARANCE SALE!.
 18947 | Orc:2    | Found Joireen's Magic Scroll Shoppe.
 18947 | Orc:2    | Found Finwut's Assorted Antiques.
 18959 | Orc:2    | Found Dulyisux's Antique Weapon Emporium.
 18961 | Orc:2    | Found Fyzxed Upnenk's Antique Weapon Shoppe.
 18966 | Orc:2    | Bought a bloodstained halberd for 252 gold pieces
 18966 | Orc:2    | Identified the +8 halberd of the Forgotten Friars {heavy,
                  | Dex+3 Stlth+} (You bought it in a shop on level 2 of the
                  | Orcish Mines)
 18967 | Orc:2    | Bought a fizzy dark potion for 27 gold pieces
 18967 | Orc:2    | Bought a scroll labelled WUACRO PUAFA for 31 gold pieces
 19442 | D:6      | Found a radiant altar of Vehumet.
 19443 | D:6      | Found a shimmering altar of Xom.
 19444 | D:6      | Found a white marble altar of Elyvilon.
 19444 | D:6      | Found a glowing golden altar of the Shining One.
 19709 | Snake:1  | Entered Level 1 of the Snake Pit
 19719 | Snake:1  | Lost mutation: You have sharp toenails. [Jiyva's grace]
 19719 | Snake:1  | Lost mutation: You are very agile. (Dex +8, Str/Int -2)
                  | [Jiyva's grace]
 19719 | Snake:1  | Lost mutation: You are agile. (Dex +4, Str/Int -1) [Jiyva's
                  | grace]
 19719 | Snake:1  | Lost mutation: You have acidic saliva. [Jiyva's grace]
 19719 | Snake:1  | Lost mutation: You have a small jelly attached to you that
                  | may absorb projectiles. [Jiyva's grace]
 19719 | Snake:1  | Gained mutation: You have large cloven feet. [Jiyva's
                  | grace]
 19719 | Snake:1  | Gained mutation: You have hoof-like feet. [Jiyva's grace]
 19719 | Snake:1  | Gained mutation: You have hooves in place of feet. [Jiyva's
                  | grace]
 19719 | Snake:1  | Gained mutation: You passively dampen the noise of your
                  | surroundings. [Jiyva's grace]
 19872 | Snake:1  | Reached skill level 10 in Axes
 20850 | Snake:2  | Reached XP level 16. HP: 108/151 MP: 15/15
 21156 | Snake:3  | Lost mutation: You have hooves in place of feet. [Jiyva's
                  | grace]
 21156 | Snake:3  | Lost mutation: You have hoof-like feet. [Jiyva's grace]
 21156 | Snake:3  | Lost mutation: You have large cloven feet. [Jiyva's grace]
 21156 | Snake:3  | Lost mutation: You have a pair of large horns on your head.
                  | [Jiyva's grace]
 21156 | Snake:3  | Lost mutation: Your spells are much harder to cast, but
                  | much more powerful. [Jiyva's grace]
 21156 | Snake:3  | Lost mutation: You are covered in slimy tendrils that may
                  | disarm your opponents. [Jiyva's grace]
 21156 | Snake:3  | Gained mutation: You are strong-willed. (Will+) [Jiyva's
                  | grace]
 21156 | Snake:3  | Gained mutation: You are highly strong-willed. (Will++)
                  | [Jiyva's grace]
 21156 | Snake:3  | Gained mutation: You are extremely strong-willed. (Will+++)
                  | [Jiyva's grace]
 21156 | Snake:3  | Gained mutation: You are agile. (Dex +4, Str/Int -1)
                  | [Jiyva's grace]
 21156 | Snake:3  | Found a bloodstained altar of Trog.
 21306 | Snake:3  | Gained mutation: You have a pair of large horns on your
                  | head. [hidden potential]
 21636 | Snake:3  | Found Qiun's Book Shop.
 21637 | Snake:3  | Found Ecsureont's Jewellery Emporium.
 21637 | Snake:3  | Found Bishry's Jewellery Emporium.
 21657 | Snake:3  | Bought a +6 ring of strength for 504 gold pieces
 21780 | Snake:3  | Reached skill level 18 in Polearms
 22171 | Snake:4  | Entered Level 4 of the Snake Pit
 22171 | Snake:4  | Lost mutation: You are agile. (Dex +4, Str/Int -1) [Jiyva's
                  | grace]
 22171 | Snake:4  | Lost mutation: Your mind is very acute. (Int +8, Str/Dex
                  | -2) [Jiyva's grace]
 22171 | Snake:4  | Lost mutation: Your flesh is very cold resistant. (rC++)
                  | [Jiyva's grace]
 22171 | Snake:4  | Lost mutation: Your spells are harder to cast, but more
                  | powerful. [Jiyva's grace]
 22171 | Snake:4  | Gained mutation: You are covered in slimy tendrils that may
                  | disarm your opponents. [Jiyva's grace]
 22171 | Snake:4  | Gained mutation: Your natural rate of healing is unusually
                  | fast. [Jiyva's grace]
 22171 | Snake:4  | Gained mutation: You heal very quickly. [Jiyva's grace]
 22171 | Snake:4  | Gained mutation: You regenerate. [Jiyva's grace]
 22242 | Snake:4  | Found Doemuek's Tiny Tomes.
 22426 | Snake:4  | Reached skill level 15 in Armour
 22448 | Snake:4  | HP: 7/152 [constriction (5)]
 22449 | Snake:4  | HP: 1/152 [naga sharpshooter/bolt (26)]
 22527 | Snake:4  | Got a serpentine rune of Zot
 22716 | Snake:4  | Reached XP level 17. HP: 141/160 MP: 16/16
 22829 | Snake:4  | Noticed Vashnia
 22848 | Snake:4  | Killed Vashnia
 22975 | Snake:4  | Gained mutation: You have supernaturally acute eyesight.
                  | (SInv) [hidden potential]
 22975 | Snake:4  | Lost mutation: You have hidden genetic potential. [hidden
                  | potential expressed]
 23573 | Slime:1  | Entered Level 1 of the Pits of Slime
 23618 | Slime:1  | Noticed an acid blob
 23632 | Slime:1  | Found a viscous altar of Jiyva.
 23663 | Slime:1  | Noticed an acid blob
 23802 | Slime:2  | Noticed Dissolution
 23802 | Slime:2  | Noticed an acid blob
 24056 | Slime:3  | Noticed an acid blob
 24057 | Slime:3  | Noticed an acid blob
 24199 | Slime:4  | Noticed an acid blob
 24202 | Slime:4  | Noticed an acid blob
 24206 | Slime:4  | Noticed an acid blob
 24208 | Slime:4  | Noticed an acid blob
 24219 | Slime:4  | Noticed an acid blob
 24231 | Slime:4  | Noticed an acid blob
 24357 | Slime:4  | Noticed an acid blob
 24414 | Slime:5  | Entered Level 5 of the Pits of Slime
 24445 | Slime:5  | Noticed an acid blob
 24481 | Slime:5  | Noticed an acid blob
 24488 | Slime:5  | Noticed an acid blob
 24489 | Slime:5  | Noticed an acid blob
 24508 | Slime:5  | Found a viscous altar of Jiyva.
 24508 | Slime:5  | Noticed an acid blob
 24508 | Slime:5  | Noticed the Royal Jelly
 24514 | Slime:5  | Found the +8 pair of quick blades "Gyre" and "Gimble"
                  | {protect}
 24517 | Slime:5  | Noticed an acid blob
 24521 | Slime:5  | Identified the ring "Biuhor" {Fly rF+ rN+}
 24524 | Slime:5  | Got the Compendium of the Volatile Sixfirhy
 24530 | Slime:5  | Got the Elucidation of the Loathsome Snowflakes
 24532 | Slime:5  | Got a slimy rune of Zot
 24533 | Slime:5  | Identified the +3 short sword of Watwelub {protect, *Slow
                  | Str+5 Dex+5}
 24535 | Slime:5  | Identified the ring of Vasiko Nory {Fly Int+4}
 24542 | Slime:5  | Identified the +10 war axe of Grandeur {flame, Will++
                  | Int+2}
 24545 | Slime:5  | Identified the staff of Disarray {rElec rC+ rN+ Int+2 Dex+4
                  | Necro}
 24636 | Slime:5  | Noticed an acid blob
 25121 | Swamp:1  | Entered Level 1 of the Swamp
 25327 | Swamp:1  | Noticed Kirke
 25342 | Swamp:1  | Killed Kirke
 25404 | Swamp:1  | Identified the +0 chain mail "Fuozxulu" {rF+ rCorr}
 25872 | Swamp:2  | Lost mutation: You have supernaturally acute eyesight.
                  | (SInv) [Jiyva's grace]
 25872 | Swamp:2  | Lost mutation: Your mind is acute. (Int +4, Str/Dex -1)
                  | [Jiyva's grace]
 25872 | Swamp:2  | Lost mutation: Your flesh is almost immune to the effects
                  | of heat. (rF+++) [Jiyva's grace]
 25872 | Swamp:2  | Lost mutation: You are extremely strong-willed. (Will+++)
                  | [Jiyva's grace]
 25872 | Swamp:2  | Lost mutation: You regenerate. [Jiyva's grace]
 25872 | Swamp:2  | Lost mutation: You heal very quickly. [Jiyva's grace]
 25872 | Swamp:2  | Lost mutation: Your pliable body absorbs attacks. (AC +2,
                  | EV +2) [Jiyva's grace]
 25872 | Swamp:2  | Lost mutation: You are covered in slimy tendrils that may
                  | disarm your opponents. [Jiyva's grace]
 25872 | Swamp:2  | Lost mutation: You passively dampen the noise of your
                  | surroundings. [Jiyva's grace]
 25872 | Swamp:2  | Gained mutation: You have an increased reservoir of magic.
                  | (+10% MP) [Jiyva's grace]
 25872 | Swamp:2  | Gained mutation: You have a considerably increased
                  | reservoir of magic. (+20% MP) [Jiyva's grace]
 25872 | Swamp:2  | Gained mutation: You have a greatly increased reservoir of
                  | magic. (+30% MP) [Jiyva's grace]
 25872 | Swamp:2  | Gained mutation: Armour fits poorly on your pseudopods.
                  | [Jiyva's grace]
 25969 | Swamp:2  | Noticed Louise
 25990 | Swamp:2  | Killed Louise
 26868 | Swamp:4  | Entered Level 4 of the Swamp
 26868 | Swamp:4  | Lost mutation: Your flesh is very heat resistant. (rF++)
                  | [Jiyva's grace]
 26868 | Swamp:4  | Lost mutation: You have a greatly increased reservoir of
                  | magic. (+30% MP) [Jiyva's grace]
 26868 | Swamp:4  | Lost mutation: You have a considerably increased reservoir
                  | of magic. (+20% MP) [Jiyva's grace]
 26868 | Swamp:4  | Lost mutation: You are highly strong-willed. (Will++)
                  | [Jiyva's grace]
 26868 | Swamp:4  | Lost mutation: Your spells are a little harder to cast, but
                  | a little more powerful. [Jiyva's grace]
 26868 | Swamp:4  | Gained mutation: You possess an exceptional clarity of
                  | mind. [Jiyva's grace]
 26868 | Swamp:4  | Gained mutation: Your mind is acute. (Int +4, Str/Dex -1)
                  | [Jiyva's grace]
 26868 | Swamp:4  | Gained mutation: Your mind is very acute. (Int +8, Str/Dex
                  | -2) [Jiyva's grace]
 26868 | Swamp:4  | Gained mutation: Your body has grown eyes which may confuse
                  | attackers. (Acc +3) [Jiyva's grace]
 26943 | Swamp:4  | Noticed the 27-headed Lernaean hydra
 26961 | Swamp:4  | Killed the 23-headed Lernaean hydra
 27064 | Swamp:4  | Reached XP level 18. HP: 171/171 MP: 18/18
 27069 | Swamp:4  | Got a decaying rune of Zot
 27146 | Swamp:4  | Identified the +0 quarterstaff of Muwylene {heavy, *Slow
                  | rElec Dex+8 SInv}
 27850 | Elf:1    | Entered Level 1 of the Elven Halls
 28100 | Elf:1    | Reached skill level 15 in Axes
 28134 | Elf:1    | Got Asmodeus's Elucidation of Friendly Battle Magic
 28177 | Elf:1    | Paralysed by an air elemental for 1 turns
 28181 | Elf:1    | Paralysed by an air elemental for 1 turns
 28670 | Elf:2    | Reached skill level 19 in Polearms
 28710 | Elf:2    | Learned a level 4 spell: Animate Dead
 28762 | Elf:2    | Reached skill level 15 in Shields
 28792 | Elf:2    | Paralysed by an air elemental for 1 turns
 29114 | Elf:2    | Lost mutation: Your mind is very acute. (Int +8, Str/Dex
                  | -2) [Jiyva's grace]
 29114 | Elf:2    | Lost mutation: Your flesh is cold resistant. (rC+) [Jiyva's
                  | grace]
 29114 | Elf:2    | Lost mutation: You have an increased reservoir of magic.
                  | (+10% MP) [Jiyva's grace]
 29114 | Elf:2    | Lost mutation: Your body has grown eyes which may confuse
                  | attackers. (Acc +3) [Jiyva's grace]
 29114 | Elf:2    | Lost mutation: Your rubbery body absorbs attacks. (AC +1,
                  | EV +1) [Jiyva's grace]
 29114 | Elf:2    | Gained mutation: You have large cloven feet. [Jiyva's
                  | grace]
 29114 | Elf:2    | Gained mutation: You have hoof-like feet. [Jiyva's grace]
 29114 | Elf:2    | Gained mutation: You have hooves in place of feet. [Jiyva's
                  | grace]
 29114 | Elf:2    | Gained mutation: You have a small jelly attached to you
                  | that may absorb projectiles. [Jiyva's grace]
 29144 | Elf:2    | Found a runed translucent gate.
 29144 | Elf:2    | Found a runed translucent gate.
 29144 | Elf:2    | Found a runed translucent gate.
 29439 | Elf:2    | Reached skill level 10 in Necromancy
 29707 | Elf:2    | HP: 11/259 [deep elf knight/+0 long sword (11)]
 29707 | Elf:2    | Killed from afar by a deep elf zephyrmancer

Illustrated notes

Levels and vault maps discovered:
D:1:      dpeg_arrival_lava_altar, layout_rooms,
          hellmonk_ecumenical_altar_heavens_door, minmay_pentomino_x4
D:2:      minmay_razor_zed, layout_basic, basic_altar, uniq_robin
D:3:      layout_loops_ring, fedhas_altar_3, gammafunk_ghost_stat_death,
          minmay_misc_feat_nine_boxes, nicolae_houndstooth_variations,
          uniq_natasha
D:4:      layout_loops_corners, nicolae_overflow_squiral,
          mainiacjoe_overflow_surrounded_room, serial_shops,
          kennysheep_mini_moat
D:5:      layout_loops_ring, gammafunk_ghost_cemetery, enter_ossuary_1,
          uniq_sigmund
D:6:      layout_rooms, grunt_temple_overflow_open, lemuel_temple_firewalk_b,
          gup_sewer_entry_bubbles
D:7:      layout_loops_ring, enter_bailey_3, uniq_crazy_yiuf_cottage
D:8:      nzn_winding_woodlands_stair_cross [nzn_winding_woodlands_5x15_default,
          nzn_winding_woodlands_center_pierced_h,
          nzn_winding_woodlands_5x15_split_checker,
          nzn_winding_woodlands_5x5_closed_star,
          nzn_winding_woodlands_5x5_perimeter,
          nzn_winding_woodlands_5x15_zeroes,
          nzn_winding_woodlands_center_triple_pond,
          nzn_winding_woodlands_5x15_lazy_stream], layout_basic,
          mainiacjoe_overflow_alcove_1, grunt_ministairs_11, disabler_island
D:9:      layout_rooms, minmay_lair_entry_grove, hellmonk_ghost_happy_afterlife,
          chequers_serial_rivers_micro_e, minmay_gold_behind_fungi
D:10:     layout_long_grid, mainiacjoe_overflow_paths,
          mainiacjoe_overflow_catch_the_wave, uniq_urug, uniq_fannar,
          uniq_maurice
D:11:     dpeg_index_elf_rogue_hall, layout_irregular_city,
          gauntlet_entry_generic, nicolae_specific_store
D:12:     layout_roguey, orc_0_dummy, cheibrodos_ashenzari_chains
D:13:     layout_basic, gammafunk_ghost_cemetery
D:14:     layout_cave_pools, david_vaults_2
D:15:     hellmonk_depths_entry_around_the_bend, layout_irregular_city,
          minmay_misc_feat_alley
Temple:   eino_wide_crystal_templ
Lair:1:   layout_regular_city, wad_woods_road_02, hangedman_lair_generics_rect,
          serial_bayou_shore_b
Lair:2:   layout_cave_pods, minmay_swamp_entry_worms,
          nicolae_lair_grove_arrangements, infiniplex_staircase_pool_2,
          grunt_megastairs_4
Lair:3:   layout_misc_corridors, alex1729_snake_entry_snake,
          lemuel_fruit_fields, lemuel_fruit_fields
Lair:4:   layout_loops_ring, grunt_megastairs_5, infiniplex_staircase_pool
Lair:5:   guppyfry_lair_end_dragon, layout_cave_pods, hangedman_lair_in_review,
          slime_entry_1, st_stairs_9
Swamp:1:  layout_basic_swamp, nicolae_swamp_treefoil,
          nicolae_swamp_frolicking_bunyips, uniq_kirke
Swamp:2:  layout_basic_swamp, evilmike_swamp_ruin_house_3, uniq_louise
Swamp:3:  layout_basic_swamp, evilmike_swamp_ruin_rubble_1, swamp_pool_1_2
Swamp:4:  swamp_old_school, layout_basic_swamp, nicolae_swamp_spriggan_camp
Snake:1:  layout_onion, grunt_megastairs_1
Snake:2:  layout_onion, serial_bayou_shore_b
Snake:3:  layout_cave_shapes, basic_altar, minmay_shop_grove
Snake:4:  grunt_snake_rune_serpentine_throne, layout_gridlike,
          grunt_ministairs_5, nicolae_shop_i_like_small_books_too, uniq_vashnia
Slime:1:  layout_caves, basic_altar, nicolae_slime_phagocytosis
Slime:2:  layout_caves, uniq_dissolution
Slime:3:  layout_caves, cheibrodos_slime_lost_civilization_7
Slime:4:  layout_caves, special_room [special_room_jelly]
Slime:5:  slime_pit_nicolae_royal_road_to_ruin
Orc:1:    layout_caves, serial_shops, nicolae_orc_lava_room
Orc:2:    st_orc_mages, layout_diamond_mine, nicolae_shop_clearance,
          uniq_erolcha
Elf:1:    layout_gridlike, minmay_elf_sorcery, serial_library_hellmonk_room_b
Elf:2:    nicolae_elf_blades_splatter_lattice
          [nicolae_blade_entry_sentries_behind_glass], layout_geoelf_octagon,
          nicolae_concentric_dashed_squares_wild

Skill      XL: |  1  2  3  4  5  6  7  8  9 10 11 12 13 14 15 16 17 18 |
---------------+-------------------------------------------------------+-----
Shields        | 4 5 6 7 8 9 10 11 12 14 15 | 15.6
Armour         | 4 5 6 7 8 10 11 12 13 14 15 16 | 16.6
Fighting       | 4 5 7 8 10 12 13 14 15 16 17 18 | 18.5
Axes           | 3 4 7 10 12 14 15 | 15.0
Polearms       | 2 4 7 9 11 13 14 15 16 17 18 19 | 19.5
Stealth        | 1 2 4 5 6 |  6.6
Dodging        | 1 2 3 4 5 |  5.3
Necromancy     | 1 3 5 6 7 8 9 10 | 10.1
Throwing       | 2 5 7 9 |  9.3
Evocations     | |  0.9

Action                     |  1- 3 |  4- 6 |  7- 9 | 10-12 | 13-15 | 16-18 || total
---------------------------+-------+-------+-------+-------+-------+-------++-------
  Melee: War axe           |    81 |    46 |       |       |    19 |   156 ||   302
         Headbutt          |    11 |    23 |    41 |   135 |   242 |   208 ||   660
         Trident           |       |   127 |   309 |   396 |       |       ||   832
         Demon trident     |       |       |       |   270 |  1081 |  1024 ||  2375
         Pseudopods        |       |       |       |    27 |    40 |    93 ||   160
         Bite              |       |       |       |       |    89 |       ||    89
         Broad axe         |       |       |       |       |    53 |    69 ||   122
         Kick              |       |       |       |       |   101 |    38 ||   139
  Throw: Throwing net      |       |       |       |     3 |       |       ||     3
         Javelin           |       |       |       |       |    10 |     1 ||    11
 Invoke: Slimify           |       |       |       |     1 |       |       ||     1
  Evoke: Wand              |       |       |     1 |     4 |       |       ||     5
    Use: Scroll            |       |     7 |       |    13 |     8 |     2 ||    30
         Potion            |       |       |     7 |     6 |     1 |     4 ||    18
   Stab: Distracted        |       |       |     1 |       |       |     1 ||     2
         Held in net/web   |       |       |       |     1 |       |       ||     1
         Invisible         |       |       |       |     9 |    23 |    10 ||    42
         Paralysed         |       |       |       |     2 |       |       ||     2
         Petrified         |       |       |       |       |     5 |       ||     5
         Confused          |       |       |       |       |     2 |     3 ||     5
 Armour: Scale mail        |    56 |    49 |       |       |       |       ||   105
         Chain mail        |       |    26 |   118 |   308 |       |       ||   452
         Plate armour      |       |       |       |     5 |   453 |   662 ||  1120
  Dodge: Dodged            |    27 |    57 |    66 |   184 |   457 |   451 ||  1242
  Block: Buckler           |    15 |    21 |    48 |   127 |   272 |   123 ||   606
         Tower shield      |       |       |       |       |       |   417 ||   417
         Kite shield       |       |       |       |       |       |   116 ||   116

Table legend: (Time is in decaauts)
 A = Elapsed time spent in this place.
 B = Non-inter-level travel time spent in this place.
 C = Inter-level travel time spent in this place.
 D = Time resting spent in this place.
 E = Time spent auto-exploring this place.
 F = Levels seen in this place.
 G = Mean time per level.
                   A        B        C        D        E       F      G
               +--------+--------+--------+--------+--------+-----+--------+
         Total |  29141 |  26361 |   2780 |    187 |  20371 |  42 |  693.8 |
       Dungeon |  13342 |  11709 |   1633 |    178 |   9357 |  15 |  889.5 |
        Temple |     29 |     21 |      8 |      0 |      0 |   1 |   29.0 |
          Lair |   4609 |   4084 |    525 |      0 |   3324 |   5 |  921.8 |
         Swamp |   2688 |   2529 |    159 |      6 |   1874 |   4 |  672.0 |
     Snake Pit |   3373 |   3182 |    191 |      3 |   2367 |   4 |  843.2 |
    Slime Pits |   1239 |   1094 |    145 |      0 |    950 |   5 |  247.8 |
  Orcish Mines |   1059 |    951 |    108 |      0 |    721 |   2 |  529.5 |
   Elven Halls |   1732 |   1723 |      9 |      0 |   1205 |   2 |  866.0 |
         Sewer |    411 |    411 |      0 |      0 |    272 |   1 |  411.0 |
       Ossuary |    184 |    184 |      0 |      0 |     80 |   1 |  184.0 |
        Bailey |    334 |    334 |      0 |      0 |    207 |   1 |  334.0 |
      Gauntlet |    137 |    137 |      0 |      0 |     11 |   1 |  137.0 |
               +--------+--------+--------+--------+--------+-----+--------+

Top non-repeatable levels by time:
     D:8: 1766 daAuts
     D:2: 1337 daAuts
     D:6: 1305 daAuts
  Lair:5: 1134 daAuts
    D:13: 1012 daAuts
   Elf:2: 981 daAuts
  Lair:2: 978 daAuts
 Snake:4: 978 daAuts
    D:11: 963 daAuts
 Snake:3: 961 daAuts
  Lair:1: 955 daAuts
     D:4: 903 daAuts
 Snake:1: 898 daAuts
  Lair:4: 860 daAuts
 Swamp:4: 837 daAuts
